 Dungeon Crawl Stone Soup version 0.16.1-17-g773cdaf (webtiles) character file.

697 jacksonaction the Changer (level 7, -4/51 HPs)
             Began as an Octopode Transmuter on Apr 21, 2015.
             Slain by Pikel
             ... wielding a +2 whip of electrocution
              (13 damage)
             ... on level 4 of the Dungeon.
             The game lasted 00:34:59 (5361 turns).

jacksonaction the Changer (Octopode Transmuter)     Turns: 5361, Time: 00:34:59

Health: -4/51      AC:  6    Str:  9    XL:     7   Next: 65%
Magic:  12/12      EV: 10    Int: 18    God:
Gold:   195        SH:  0    Dex: 12    Spells: 3 memorised, 2 levels left

rFire  x . .     SeeInvis .       - Unarmed
rCold  + + +     Clarity  .     (shield currently unavailable)
rNeg   . . .     SustAb   .     (helmet currently unavailable)
rPois  +         Gourm    .     (no amulet)
rElec  .         Spirit   .     (no ring)
rCorr  .         Warding  .     (no ring)
rMut   .         Stasis   .     (no ring)
MR     .....                    (no ring)
Stlth  +.........               (no ring)
                                (no ring)
                                (no ring)
                                (no ring)

@: ice-form (expiring), not resistant to hostile enchantments, very unstealthy
A: almost no armour, amphibious, 8 rings, (constrict 8), (camouflage 0),
(gelatinous body 0)
a: End Transformation


You were on level 4 of the Dungeon.
You were not hungry.
You were a creature of crystalline ice.
You visited 1 branch of the dungeon, and saw 4 of its levels.

You collected 195 gold pieces.

Inventory:

Hand weapons
 g - a +0 spear
Missiles
 l - 12 tomahawks (quivered)
Jewellery
 i - an uncursed ring of protection from fire {unknown}
Scrolls
 b - 4 scrolls of identify {unknown}
 j - a scroll of fog {unknown}
 k - a scroll of fear {unknown}
 m - 2 scrolls of remove curse {unknown}
 o - 2 scrolls of recharging {unknown}
 s - a scroll of amnesia {unknown}
 w - a scroll of random uselessness {unknown}
 y - a scroll of enchant armour {unknown}
 z - a scroll of teleportation {unknown}
 A - a scroll of magic mapping {unknown}
Potions
 c - a potion of lignification {unknown}
 e - 2 potions of curing {unknown}
 f - a potion of heal wounds {unknown}
 h - a potion of ambrosia {unknown}
 n - a potion of invisibility {unknown}
 p - a potion of might {unknown}
 q - a potion of experience {unknown}
 r - a potion of magic {unknown}
 t - a potion of cure mutation {unknown}
 u - a potion of haste {unknown}
 v - a potion of brilliance {unknown}
 x - a potion of flight {unknown}
 B - a potion of cancellation {unknown}
 C - 2 potions of poison {unknown}
 E - a potion of beneficial mutation {unknown}
Books
 d - a book of Changes

   Spells                             Type                      Level
   a - Beastly Appendage              Transmutation                1
   b - Sticks to Snakes               Transmutation                2
   c - Spider Form                    Transmutation/Poison         3
   d - Ice Form                       Ice/Transmutation            4
   e - Blade Hands                    Transmutation                5
 F - a book of Cantrips

   Spells                             Type                      Level
   a - Corona                         Hexes                        1
   b - Animate Skeleton               Necromancy                   1
   c - Summon Small Mammal            Summoning                    1
   d - Apportation                    Translocation                1
Comestibles
 a - 5 bread rations
 D - a beef jerky
 G - 2 chunks of flesh


   Skills:
 - Level 1.0 Fighting
 - Level 3.0 Dodging
 - Level 5.4 Unarmed Combat
 - Level 2.0 Spellcasting
 + Level 6.1 Transmutations
 - Level 2.2 Ice Magic


You had 2 spell levels left.
You knew the following spells:

 Your Spells              Type           Power        Failure   Level  Hunger
a - Beastly Appendage     Trmt           ###...       1%          1    #......
b - Spider Form           Trmt/Pois      ##........   17%         3    ###....
c - Ice Form              Ice/Trmt       ###.....     34%         4    #####..


Dungeon Overview and Level Annotations

Branches:
Dungeon (4/15)
 Temple: D:4-7

Altars:
Zin

Annotations:
D:4 Pikel


Innate Abilities, Weirdness & Mutations

You cannot wear most types of armour.
You are amphibious.
You can wear up to eight rings at the same time.
((You can use your tentacles to constrict many enemies at once.))
((Your skin changes colour to match your surroundings (Stealth).))
((Your rubbery body absorbs attacks (AC +1).))


Message History

Pikel hits you but does no damage.
You are electrocuted!
You hit Pikel but do no damage.
Pikel is heavily wounded.
Pikel closely misses you.
You miss Pikel.
Pikel is heavily wounded.
Pikel hits you with a whip of electrocution.
* * * LOW HITPOINT WARNING * * *
You hit Pikel. You freeze Pikel.
Pikel is severely wounded.
Pikel hits you with a whip of electrocution.
* * * LOW HITPOINT WARNING * * *
You punch Pikel! You freeze Pikel.
Pikel is almost dead.
Pikel completely misses you.
You barely miss Pikel.
Pikel is almost dead.
Your transformation is almost over.
Pikel hits you but does no damage.
You are electrocuted!
You die...

...............#.#.#...#.#######
#############..#.#......(#.#...##
#...........(...#...#.
##..#..........)'._.#?
##.#.#.......###...#. #####
#.#p##.......##...## ##...##
#.#g###...#..###### ##.###.##
#(#K###..##..# #.##
##)######.#Y.........# #.#
#........#.###.###..# #.##
##>########.# #.# #..# ##
##.###.## #..###.###..######.
##...## ###.#................
##.## ####........<...#######.
#.# #....###........# #.
#.#####....# #>.......# #.
#...รท......###.......## #.


You could see Pikel, a slave and a goblin.

Vanquished Creatures
  The ghost of Golfball the Sneak, an average VSAs (D:4)
  2 slaves
  A phantom (D:4)
  An ogre (D:4)
  2 orc priests (D:3)
  2 hounds
  3 iguanas
  A worker ant (D:4)
  5 adders
  6 worms
  6 giant geckos
  2 oozes (D:3)
  6 orcs
  2 ball pythons (D:1)
  16 bats
  6 giant cockroaches
  6 goblins
  10 hobgoblins
  9 jackals
  17 kobolds
  3 quokkas
  A ball python skeleton (D:4)
  4 giant newts
  11 rats
123 creatures vanquished.

Notes
Turn   | Place    | Note
--------------------------------------------------------------
     0 | D:1      | jacksonaction, the Octopode Transmuter, began the quest for the Orb.
     0 | D:1      | Reached XP level 1. HP: 13/13 MP: 3/3
   305 | D:1      | Reached XP level 2. HP: 9/18 MP: 2/4
  1221 | D:2      | Reached XP level 3. HP: 23/23 MP: 6/6
  1227 | D:2      | Learned a level 3 spell: Spider Form
  1577 | D:2      | Reached skill level 4 in Transmutations
  1676 | D:2      | Reached XP level 4. HP: 28/28 MP: 5/7
  2689 | D:3      | Reached XP level 5. HP: 33/33 MP: 2/9
  2695 | D:3      | Learned a level 4 spell: Ice Form
  3069 | D:3      | Reached skill level 5 in Transmutations
  3130 | D:3      | Reached skill level 1 in Ice Magic
  3455 | D:3      | Reached XP level 6. HP: 25/38 MP: 5/10
  3773 | D:4      | Noticed a slave
  3774 | D:4      | Noticed Pikel
  3774 | D:4      | Noticed a slave
  3786 | D:3      | Killed a slave
  3991 | D:4      | Noticed an ogre
  4005 | D:4      | Killed an ogre
  4163 | D:4      | Reached skill level 6 in Transmutations
  4456 | D:4      | Found a glowing silver altar of Zin.
  4512 | D:4      | Noticed a phantom
  4599 | D:4      | Reached XP level 7. HP: 28/43 MP: 8/12
  4864 | D:4      | Killed a phantom
  5030 | D:4      | Noticed Golfball's ghost (average VSAs)
  5321 | D:4      | Killed Golfball's ghost
  5321 | D:4      | Reached skill level 5 in Unarmed Combat
  5346 | D:4      | Killed a slave
  5347 | D:4      | Noticed a slave
  5350 | D:4      | Noticed a slave
  5361 | D:4      | Slain by Pikel

Action                   |  1- 3 |  4- 6 |  7- 9 || total
-------------------------+-------+-------+-------++-------
Melee: Unarmed           |    82 |   212 |    65 ||   359
Throw: Tomahawk          |    14 |    33 |     4 ||    51
 Cast: Beastly Appendage |     2 |     4 |     1 ||     7
       Spider Form       |     4 |    18 |     2 ||    24
       Ice Form          |       |       |     2 ||     2
 Stab: Sleeping          |     4 |     6 |       ||    10
       Distracted        |       |     2 |       ||     2
  Eat: Chunk             |     3 |    12 |     4 ||    19
